cohdb
Replays
Latest Replays
All Replays
Popular Replays
Top Player Replays
Match Explorer
How It Works
Community
CoH3 Stats
Reddit
Sign in to upload your games and track your stats! →
Sign in with Steam
Match 35453139
Unlisted
Match 35453139
Overview
Messages
Build Orders
End
Construct Infanterie Kompanie
Selects Breakthrough Battlegroup
Selects Assault Grenadiers
Grenadier Squad
Grenadier Squad
GrW 34 Mortar Team
MG 42 Machine Gun Team
Construct Panzergrenadier Kompanie
251 Medium Carrier
Selects Rapid Production
Medical Station
Pak 40 Anti-tank Gun Team
Selects Breakthrough
Breakthrough
Deliri0us
Mustache and Melons
twitch.tv/blue_skidrow
Rangefinder
Недолугий гэша
AndriiDev
0
0
Comments
sign in to comment!
No comments posted yet!